 Dungeon Crawl Stone Soup version 0.16.1-16-gc44b35d (webtiles) character file.

300007 EvilTwin the Slayer (level 20, -3/200 HPs)
             Began as a Minotaur Fighter on Apr 17, 2015.
             Was the Champion of Ru.
             Hit by a large rock thrown by a stone giant (28 damage)
             ... on level 5 of the Vaults.
             The game lasted 04:37:33 (43559 turns).

EvilTwin the Slayer (Minotaur Fighter)             Turns: 43559, Time: 04:37:38

Health: -3/200     AC: 14    Str: 38 (40) XL:     20   Next: 50%
Magic:  8/8        EV: 10    Int:  3 (5)  God:    Ru [******]
Gold:   5201       SH: 21    Dex: 12 (14) Spells: 0 memorised, 19 levels left

rFire  . . .     SeeInvis +     C - +8 morningstar of the Swamp {venom, Str+4 Int+2}
rCold  . . .     Clarity  +     E - +7 ring mail of Skanaadd {rElec Str+3}
rNeg   + . .     SustAb   .     a - +3 shield {reflect}
rPois  +         Gourm    .     I - +0 mask of the Dragon {MR+ Slay+3 SInv}
rElec  +         Spirit   .     j - +0 cloak
rCorr  .         Warding  .     H - +0 pair of gloves of Boredom {MR- Str+4}
rMut   .         Stasis   .     k - +0 pair of boots {Stlth+}
MR     +++++                    U - amulet of the Four Winds {Clar rN+ MR+++}
Stlth  ..........               W - ring of Huukhilolo {rPois MR+ Int+2 Dex+3}
                                p - ring of see invisible

@: almost entirely resistant to hostile enchantments, extremely unstealthy
A: retaliatory headbutt, hooves 1, horns 2, yellow scales 1, clumsy 1,
deterioration 2, dopey 2, low mp 1, regeneration 1, spit poison 1, strong 1,
forlorn, no stealth, inability to train dodging, inability to train armour,
vulnerability to harm 1, unskilled 1
a: Spit Poison, Draw Out Power, Power Leap, Apocalypse, Renounce Religion
}: 1/15 runes: serpentine


You were on level 5 of the Vaults.
You worshipped Ru.
Ru was exalted by your worship.
You were not hungry.

You visited 8 branches of the dungeon, and saw 43 of its levels.
You visited 1 bazaar.
You also visited: Ossuary, Bailey and Ice Cave.

You collected 10577 gold pieces.
You spent 5376 gold pieces at shops.

Inventory:

Hand weapons
 C - the +8 morningstar of the Swamp (weapon) {venom, Str+4 Int+2}
   (You bought it in a shop in a bazaar)

   It poisons the flesh of those it strikes.
   It affects your strength (+4).
   It affects your intelligence (+2).
Armour
 a - a +3 shield of reflection (worn)
 j - a +0 cloak (worn)
 k - a +0 pair of boots of stealth (worn)
 E - the +7 ring mail of Skanaadd (worn) {rElec Str+3}
   (You found it on level 5 of the Dungeon)

   It affects your strength (+3).
   It insulates you from electricity.
 H - the +0 pair of gloves of Boredom (worn) {MR- Str+4}
   (You found it on level 5 of the Dungeon)

   It affects your strength (+4).
   It affects your resistance to hostile enchantments.
 I - the +0 mask of the Dragon (worn) {MR+ Slay+3 SInv}
   (You bought it in a shop on level 4 of the Orcish Mines)

   It affects your accuracy and damage with ranged weapons and melee attacks
   (+3).
   It affects your resistance to hostile enchantments.
   It enhances your eyesight.
Jewellery
 p - a ring of see invisible (left hand)
 U - the amulet of the Four Winds (around neck) {Clar rN+ MR+++}
   (You found it in an ice cave)

   [amulet of clarity]

   It provides mental clarity.
   It protects you from negative energy.
   It affects your resistance to hostile enchantments.
 W - the ring of Huukhilolo (right hand) {rPois MR+ Int+2 Dex+3}
   (You found it in an ice cave)

   [ring of protection from magic]

   It affects your intelligence (+2).
   It affects your dexterity (+3).
   It protects you from poison.
   It affects your resistance to hostile enchantments.
Magical devices
 b - a wand of teleportation (2)
 c - a wand of invisibility (6)
 i - a wand of cold (2)
 m - a wand of flame (20)
 q - a wand of enslavement (13)
 t - a wand of magic darts (19)
 v - a wand of polymorph (20)
 w - a wand of disintegration (23)
 y - a wand of hasting (1)
 z - a wand of slowing (20)
 A - a wand of draining (7)
 B - a wand of random effects (24)
 G - a wand of fire (6)
 J - a wand of frost (14)
 K - a wand of disintegration (12)
 L - a wand of frost (12)
 O - a wand of heal wounds (8)
Scrolls
 g - 6 scrolls of fog
 n - 7 scrolls of identify
 D - a scroll of brand weapon
 P - 2 scrolls of recharging
 R - 10 scrolls of teleportation
 S - 2 scrolls of silence
 Y - 11 scrolls of remove curse
Potions
 e - 8 potions of might
 f - a potion of haste
 l - 9 potions of curing
 o - a potion of magic
 u - 9 potions of agility
 x - 4 potions of resistance
 F - a potion of restore abilities
 M - a potion of berserk rage
 T - 2 potions of heal wounds
 X - 3 potions of flight
Miscellaneous
 s - a phial of floods
Comestibles
 r - a beef jerky
 N - a bread ration
 Q - 2 meat rations


   Skills:
 * Level 22.0 Fighting
   Level 15.2 Short Blades
 * Level 20.4 Maces & Flails
 + Level 20.2 Shields
 - Level 0.6 Evocations


You had 19 spell levels left.
You didn't know any spells.

Dungeon Overview and Level Annotations

Branches:
Dungeon (15/15)            Temple (1/1) D:7            Lair (8/8) D:11
 Shoals (0/5) Lair:3        Snake (5/5) Lair:5        Slime (2/6) Lair:7
    Orc (4/4) D:12            Elf (3/3) Orc:4        Vaults (5/5) D:13
  Crypt (0/3) Vaults:2     Depths (0/5) D:15

Altars:
Ashenzari
Cheibriados
Dithmenos
Elyvilon
Fedhas
Gozag
Makhleb
Nemelex Xobeh
Okawaru
Qazlal
Ru
Sif Muna
Trog
Vehumet
Xom
Yredelemnul
The Shining One
Beogh

Shops:
D:8 (   D:12 =   Orc:4 %![(   Snake:2 ?   Vaults:1 ?

Portals:
Trove: Vaults:3 (give 2 potions of cure mutation)


Innate Abilities, Weirdness & Mutations

You reflexively headbutt those who attack you in melee.
You have a pair of horns on your head.
You are very dopey. (Int -4)
You cannot be stealthy.
You cannot train Dodging skill.
You cannot train Armour skill.
You take slightly more damage. (-3 AC)
You are somewhat unskilled (-1 Apt).
You have large cloven feet.
You are partially covered in yellow scales (AC +2).
You are clumsy. (Dex -2)
Your body is deteriorating.
Your magical capacity is low (-10% MP).
Your natural rate of healing is unusually fast.
You can spit poison.
Your muscles are strong. (Str +2)
You have difficulty communicating with the divine.


Message History

You block the vault guard's attack. x2
The deep elf demonologist gestures wildly while chanting.
The deep elf sorcerer begins to cast a spell, but is stunned by your will!
The deep elf fighter casts a spell.
The deep elf fighter blinks!
The vault guard screams, "Help!"; The vault guard cries, "Mercy!"
The vault guard hits you with a bardiche!
* * * LOW HITPOINT WARNING * * *
Found a scroll of teleportation.
There is a sealed passage leading up, spattered with blood here.
Items here: ) [[ † a long sword; a plate armour; a large shield; a human corpse The runic seals fade away.
Your surroundings suddenly seem different.
A stone giant comes into view.
The stone giant shouts!
An ogre mage comes into view. It is wielding a whip.
The ogre mage shouts!
The stone giant throws a large rock.
The large rock hits you!!
You die...

# #. # #Q #.
#. #..#C #..#.
#....
#....#########
#.?..@........
.
#.............
.
#O...........
.
#............
#....########
#.... #..#.
..##


You could see a stone giant, a tengu reaver and an ogre mage.

Vanquished Creatures
  2 deep elf blademasters (Elf:3)
  A deep elf master archer (Elf:3)
  5 sphinxes
  The ghost of tition the Severer, a mighty MiFi of Okawaru (Snake:5)
  3 acid blobs
  An Executioner (Elf:3)
  4 tengu reavers
  4 deep elf sorcerers
  3 fire giants (Vaults:4)
  Donald (Snake:4)
  A frost giant (Vaults:4)
  7 greater nagas
  2 azure jellies
  An orc warlord (Orc:4)
  Louise (D:15)
  8 vault wardens
  11 ironheart preservers
  6 stone giants
  3 very ugly things
  6 deep elf demonologists
  2 rakshasas (Vaults:1)
  3 deep elf annihilators (Elf:3)
  A lorocyproca (Elf:3)
  Azrael (Snake:1)
  The ghost of EvilTwin the Blocker, a powerful MiFi of Cheibriados (D:14)
  2 ettins
  A green death (Elf:3)
  4 deep elf death magi
  12 vault guards
  5 great orbs of eyes
  Josephine (D:10)
  8 yaktaur captains
  2 deep elf high priests (Elf:3)
  The ghost of Ljcope the Cleaver, a powerful HOFi of Okawaru (D:11)
  Fannar (Lair:8)
  A hell beast (Elf:2)
  2 ice dragons (IceCv)
  15 naga warriors
  8 hydras
  8 centaur warriors
  A deep troll earth mage (Vaults:2)
  14 ogre magi
  14 dancing weapons (Elf:2)
  4 catoblepae (Lair:8)
  A tengu warrior (D:14)
  A vampire mage (Vaults:2)
  14 death yaks
  5 anacondas
  11 naga sharpshooters
  7 orc high priests
  12 deep elf knights
  2 shock serpents
  Nergalle (D:15)
  A soul eater (Elf:3)
  2 sun demons
  2 unseen horrors
  A shadow wraith (Vaults:1)
  A skeletal warrior (D:15)
  A deep troll (shapeshifter) (D:15)
  4 deep trolls (Vaults:2)
  2 sea snakes (Snake:2)
  13 ironbrand convokers
  An ice devil (Elf:2)
  A flayed ghost (Vaults:4)
  2 ice statues (IceCv)
  11 deep elf summoners
  An obsidian statue (Snake:1)
  5 naga ritualists
  12 deep elf conjurers
  2 necromancers
  16 orc knights
  5 giant orange brains
  4 harpies (Vaults:2)
  2 wizards
  4 hill giants
  A mana viper (shapeshifter) (Vaults:3)
  5 griffons
  13 mana vipers
  A phantasmal warrior (Vaults:4)
  2 hornets (Vaults:4)
  7 salamanders
  8 orc sorcerers
  4 cyclopes
  A manticore (D:13)
  10 elephants
  4 wolf spiders
  27 ugly things
  3 shining eyes (Slime:2)
  A sixfirhy (Elf:3)
  An eye of devastation (Slime:1)
  11 vault sentinels
  28 black mambas
  A torpor snail (Lair:6)
  7 spiny frogs
  3 kobold demonologists
  11 komodo dragons
  4 guardian serpents
  2 fire drakes
  A yaktaur (shapeshifter) (Vaults:1)
  An efreet (D:15)
  30 naga magi
  19 yaktaurs
  7 trolls
  5 demonic crawlers
  10 deep elf priests
  A fire drake (shapeshifter) (Vaults:3)
  3 freezing wraiths
  A jumping spider (Elf:3)
  2 blue devils
  A wandering mushroom (D:13)
  A wind drake (shapeshifter) (Vaults:1)
  A snapping turtle (shapeshifter) (D:13)
  A raven (shapeshifter) (Vaults:1)
  11 blink frogs
  A boulder beetle (shapeshifter) (D:13)
  A two-headed ogre (shapeshifter) (Vaults:2)
  2 trapdoor spider zombies
  7 redbacks
  3 basilisks
  6 boulder beetles
  A trapdoor spider (D:13)
  4 wyverns
  25 two-headed ogres
  A fire elemental (Snake:1)
  35 slime creatures
  A shadow (D:15)
  2 tarantellas (Elf:1)
  3 vampires (Vaults:2)
  21 deep elf magi
  6 wraiths
  A ynoxinul (Elf:3)
  A hog (shapeshifter) (Vaults:1)
  69 yaks
  A mottled dragon (Vaults:2)
  7 vampire mosquitoes
  A human (shapeshifter) (Vaults:3)
  23 deep elf fighters
  A human simulacrum (Vaults:3)
  A hungry ghost (D:12)
  A neqoxec (Orc:4)
  5 hippogriffs
  9 wolves
  Edmund (D:9)
  6 wargs
  47 nagas
  A deep troll zombie (Vaults:3)
  63 orc warriors
  A phantom (D:4)
  28 water moccasins
  A hell hound (Snake:1)
  20 ice beasts
  An eye of draining (shapeshifter) (Vaults:3)
  A swamp drake (D:12)
  A wasp (D:12)
  8 porcupines
  A black bear (Lair:4)
  74 ogres
  2 necrophages
  3 sky beasts
  2 eyes of draining
  An ettin simulacrum (Vaults:3)
  A boring beetle (shapeshifter) (Vaults:3)
  18 centaurs
  Duvessa (Orc:1)
  12 crocodiles
  23 giant frogs
  2 elf zombies (Ossuary)
  A big kobold (Vaults:1)
  12 wights
  A wyvern skeleton (D:14)
  A yak zombie (D:7)
  A scorpion (D:6)
  22 killer bees
  Dowan (Orc:1)
  9 crimson imps
  2 giant frog zombies
  A goliath beetle (D:8)
  7 hounds
  6 electric eels
  3 human zombies
  2 giant frog skeletons
  3 quasits
  5 iguanas
  21 jellies
  2 centaur zombies
  40 orc wizards
  A gnoll shaman (D:7)
  26 orc priests
  8 centaur skeletons
  6 hell rats
  Natasha (twice) (D:6)
  A boulder beetle simulacrum (Vaults:1)
  10 worker ants
  2 sheep (Lair:8)
  4 killer bee zombies
  2 big kobold zombies (Ossuary)
  2 hound zombies (D:11)
  4 mummies
  A worker ant zombie (D:7)
  A hound skeleton (D:5)
  8 gnolls
  70 river rats
  2 giant mites
  3 shadow imps
  22 adders
  A white imp (D:13)
  5 ufetubi
  2 adder zombies (Ossuary)
  A giant gecko (D:4)
  7 oozes
  333 orcs
  5 ball pythons
  A bat zombie (D:6)
  9 giant cockroaches
  24 goblins
  30 hobgoblins
  13 jackals
  30 bats
  5 giant newts
  2 giant spores
  2 goblin zombies
  12 hobgoblin zombies (Ossuary)
  A jackal skeleton (D:7)
  A jackal zombie (Ossuary)
  15 kobolds
  7 kobold zombies (Ossuary)
  7 orc zombies (Ossuary)
  10 quokkas
  16 rats
  5 ballistomycetes
  A crawling corpse (Elf:3)
1998 creatures vanquished.

Vanquished Creatures (collateral kills)
  A small abomination (Elf:3)
  A deep elf priest (Elf:3)
  2 electric eels (Snake:2)
4 creatures vanquished.

Vanquished Creatures (others)
  A deep elf demonologist (Elf:3)
  A lorocyproca (Elf:3)
  A deep elf annihilator (Elf:3)
  A death yak (Lair:8)
  Urug (D:11)
  A harpy (Vaults:2)
  A slime creature (Slime:1)
  A cyclops (Vaults:1)
  A salamander (Snake:1)
  2 elephants
  3 black mambas
  A naga mage (Snake:2)
  4 yaktaurs
  A deep elf priest (Elf:2)
  A two-headed ogre (Vaults:4)
  A yak (Lair:6)
  A deep elf mage (Elf:1)
  3 deep elf fighters (Elf:2)
  A wolf (Lair:4)
  3 hell hounds (Snake:1)
  A sky beast (D:13)
  3 centaurs
  An electric eel (Snake:2)
  An ogre (Vaults:2)
  A lost soul (Elf:3)
  2 orc priests (Orc:4)
  2 orc wizards (Orc:4)
  An ufetubus (Elf:3)
  6 orcs
  A kobold (Vaults:1)
  A giant spore (D:15)
  2 fungi
  A plant (Lair:8)
53 creatures vanquished.

Grand Total: 2055 creatures vanquished

Notes
Turn   | Place    | Note
--------------------------------------------------------------
     0 | D:1      | EvilTwin, the Minotaur Fighter, began the quest for the Orb.
     0 | D:1      | Reached XP level 1. HP: 19/19 MP: 1/1
   135 | D:1      | Reached XP level 2. HP: 25/27 MP: 1/1
   281 | D:1      | Reached skill level 4 in Fighting
   429 | D:1      | Reached XP level 3. HP: 30/33 MP: 2/2
   824 | D:2      | Reached XP level 4. HP: 38/41 MP: 2/2
  1321 | D:3      | Found a shimmering altar of Xom.
  1345 | D:3      | Reached skill level 1 in Dodging
  1484 | D:3      | Reached XP level 5. HP: 47/47 MP: 2/2
  1780 | D:4      | Reached skill level 5 in Fighting
  1784 | D:4      | Reached skill level 5 in Shields
  1852 | D:4      | Noticed a phantom
  1925 | D:4      | Killed a phantom
  1925 | D:4      | Reached XP level 6. HP: 16/56 MP: 3/3
  2143 | D:4      | Found a stormy altar of Qazlal.
  2635 | D:5      | Entered Level 5 of the Dungeon
  2673 | D:5      | Found a bloodstained altar of Trog.
  2752 | D:5      | Reached skill level 5 in Armour
  2755 | D:5      | Reached XP level 7. HP: 48/62 MP: 3/3
  2806 | D:5      | Got a steaming ring mail
  2822 | D:5      | Identified the +7 ring mail of Skanaadd {rElec Str+3} (You found it on level 5 of the Dungeon)
  2841 | D:5      | Reached skill level 6 in Fighting
  2952 | D:5      | Got a pair of ancient gloves
  2958 | D:5      | Identified the +0 pair of gloves of Boredom {MR- Str+4} (You found it on level 5 of the Dungeon)
  3000 | D:5      | Reached skill level 5 in Maces & Flails
  3137 | D:6      | Reached XP level 8. HP: 51/71 MP: 3/3
  3220 | D:6      | Noticed Natasha
  3227 | D:6      | Killed Natasha
  3231 | D:6      | Reached skill level 7 in Fighting
  3352 | D:6      | Noticed Natasha
  3358 | D:6      | Killed Natasha
  4048 | D:7      | Reached XP level 9. HP: 70/81 MP: 4/4
  4059 | D:7      | Reached skill level 8 in Fighting
  4066 | D:7      | Reached skill level 5 in Dodging
  4153 | D:7      | Found a staircase to the Ecumenical Temple.
  4183 | D:7      | Found a deep blue altar of Sif Muna.
  4245 | Temple   | Entered the Ecumenical Temple
  4472 | Temple   | Became a worshipper of Ru the Awakened
  4616 | D:7      | Found an opulent altar of Gozag.
  4621 | D:7      | Found a snail-covered altar of Cheibriados.
  4662 | D:7      | Reached skill level 9 in Maces & Flails
  4881 | D:8      | Found a sand-covered staircase.
  4887 | Ossuary  | Entered an ossuary
  5192 | D:8      | Found Gaockeg's Antique Weapon Shop.
  5221 | D:8      | Got a shimmering rapier
  5222 | D:8      | Identified the +6 rapier of Mnoac {speed, Int+4} (You found it on level 8 of the Dungeon)
  5239 | D:8      | Gained mutation: You cannot train Armour skill. [Ru sacrifice]
  5239 | D:8      | Acquired Ru's first power
  5322 | D:8      | Reached XP level 10. HP: 85/91 MP: 5/5
  5333 | D:8      | Reached skill level 1 in Short Blades
  5856 | D:9      | Noticed Edmund
  5865 | D:9      | Killed Edmund
  5937 | D:9      | Reached skill level 5 in Short Blades
  5970 | D:9      | Gained mutation: You have large cloven feet. [mutagenic meat]
  6011 | D:9      | Found a shadowy altar of Dithmenos.
  6478 | D:10     | Entered Level 10 of the Dungeon
  6540 | D:10     | Noticed Josephine
  6572 | D:10     | Killed Josephine
  6572 | D:10     | Reached XP level 11. HP: 51/97 MP: 5/5
  6696 | D:10     | Reached skill level 10 in Short Blades
  6728 | D:10     | Gained mutation: You cannot train Dodging skill. [Ru sacrifice]
  6728 | D:10     | Acquired Ru's second power
  6728 | D:10     | Acquired Ru's third power
  6904 | D:10     | Found a runed door.
  7191 | D:11     | Noticed Ljcope's ghost (powerful HOFi)
  7230 | D:11     | Killed Ljcope's ghost
  7230 | D:11     | Reached skill level 11 in Short Blades
  7468 | D:11     | Noticed Urug
  7488 | D:11     | Killed Urug
  7555 | D:11     | Found a frozen archway.
  7585 | IceCv    | Entered an ice cave
  7687 | IceCv    | Noticed an ice statue
  7687 | IceCv    | Noticed an ice statue
  7715 | IceCv    | Killed an ice statue
  7741 | IceCv    | Killed an ice statue
  7741 | IceCv    | Reached skill level 10 in Fighting
  7741 | IceCv    | Reached skill level 12 in Short Blades
  7791 | IceCv    | Noticed an ice dragon
  7792 | IceCv    | Noticed an ice dragon
  7810 | IceCv    | Killed an ice dragon
  7810 | IceCv    | Reached skill level 10 in Shields
  7828 | IceCv    | Killed an ice dragon
  7847 | IceCv    | Got a transparent marble ring
  8047 | IceCv    | Identified the ring of Huukhilolo {rPois MR+ Int+2 Dex+3} (You found it in an ice cave)
  8092 | D:11     | Gained mutation: You cannot be stealthy. [Ru sacrifice]
  8092 | D:11     | Acquired Ru's fourth power
  8202 | D:11     | Found a staircase to the Lair.
  8345 | D:12     | Reached XP level 12. HP: 107/107 MP: 6/6
  8395 | D:12     | Found Qyqu's Jewellery Emporium.
  8404 | D:12     | Bought an uncursed ring of see invisible for 195 gold pieces
  8650 | D:12     | Found a flagged portal.
  8686 | Bailey   | Entered a bailey
  9296 | D:12     | Gained mutation: You are dopey. (Int -2) [Ru sacrifice]
  9430 | D:12     | Found a staircase to the Orcish Mines.
  9826 | D:13     | Reached skill level 13 in Short Blades
  9870 | D:13     | Identified a scroll of acquirement
 10023 | D:13     | Noticed a four-headed hydra
 10042 | D:13     | Killed a four-headed hydra
 10614 | D:12     | Bought an uncursed amulet of regeneration for 390 gold pieces
 10785 | D:13     | Gained mutation: Your natural rate of healing is unusually fast. [potion of mutation]
 10785 | D:13     | Gained mutation: Your muscles are strong. (Str +2) [potion of mutation]
 10785 | D:13     | Gained mutation: You are partially covered in yellow scales (AC +2). [potion of mutation]
 10895 | D:13     | Noticed a vault guard
 10910 | D:13     | Noticed an ironheart preserver
 10941 | D:13     | Killed an ironheart preserver
 10942 | D:13     | Killed a vault guard
 10942 | D:13     | Reached XP level 13. HP: 55/118 MP: 6/6
 11037 | D:13     | Found a gate to the Vaults.
 11430 | D:14     | Gained mutation: You are somewhat unskilled (-1 Apt). [Ru sacrifice]
 11430 | D:14     | Acquired Ru's fifth power
 11505 | D:14     | Noticed EvilTwin's ghost (powerful MiFi)
 11543 | D:14     | Killed EvilTwin's ghost
 11550 | D:14     | Reached skill level 13 in Short Blades
 12105 | D:14     | Got a crude chain mail
 12230 | D:10     | Identified the cursed -3 chain mail of the Tuna {rPois rF+ rC+ Int+2} (You found it on level 14 of the Dungeon)
 12605 | D:15     | Entered Level 15 of the Dungeon
 12605 | D:15     | Found a shadowy altar of Dithmenos.
 12607 | D:15     | Noticed Nergalle
 12618 | D:15     | Killed Nergalle
 12843 | D:15     | Gained mutation: You take slightly more damage. (-3 AC) [Ru sacrifice]
 12877 | D:15     | Noticed Louise
 12901 | D:15     | Killed Louise
 13053 | D:15     | Found a large runed door.
 13053 | D:15     | Found a large runed door.
 13182 | D:15     | Reached skill level 14 in Shields
 13209 | D:15     | Reached XP level 14. HP: 127/127 MP: 6/6
 13218 | D:15     | Found a staircase to the Depths.
 13395 | D:15     | Noticed a tengu reaver
 13415 | D:15     | Noticed a sphinx
 13417 | D:15     | Killed a tengu reaver
 13424 | D:15     | Killed a sphinx
 13717 | D:15     | Found a burning altar of Makhleb.
 13720 | D:15     | Found a shadowy altar of Dithmenos.
 13847 | Orc:1    | Entered Level 1 of the Orcish Mines
 13987 | Orc:1    | Noticed Duvessa
 13987 | Orc:1    | Noticed Dowan
 13997 | Orc:1    | Killed Duvessa
 14000 | Orc:1    | Killed Dowan
 14141 | Orc:1    | Found a roughly hewn altar of Beogh.
 14162 | Orc:1    | Found a deep blue altar of Sif Muna.
 15625 | Orc:4    | Entered Level 4 of the Orcish Mines
 16446 | Orc:4    | Noticed an orc warlord
 16477 | Orc:4    | Killed an orc warlord
 16509 | Orc:4    | Found Uciantus' Weapon Shoppe.
 16581 | Orc:4    | Found a roughly hewn altar of Beogh.
 16595 | Orc:4    | Found Vuetaote's Armour Emporium.
 16622 | Orc:4    | Reached skill level 15 in Shields
 16649 | Orc:4    | Bought the +0 mask of the Dragon {MR+ Slay+3 SInv} for 567 gold pieces
 16649 | Orc:4    | Bought a +2 large shield for 280 gold pieces
 16993 | Orc:4    | Found a staircase to the Elven Halls.
 17274 | Orc:4    | Found a roughly hewn altar of Beogh.
 17291 | Orc:4    | Found Atriamas' Distillery.
 17304 | Orc:4    | Bought a potion of haste for 180 gold pieces
 17304 | Orc:4    | Bought a potion of heal wounds for 90 gold pieces
 17304 | Orc:4    | Bought a potion of heal wounds for 90 gold pieces
 17304 | Orc:4    | Bought a potion of might for 72 gold pieces
 17304 | Orc:4    | Bought a potion of curing for 54 gold pieces
 17304 | Orc:4    | Bought a potion of heal wounds for 90 gold pieces
 17304 | Orc:4    | Bought a potion of might for 72 gold pieces
 17304 | Orc:4    | Bought a potion of might for 72 gold pieces
 17304 | Orc:4    | Bought a potion of heal wounds for 90 gold pieces
 17304 | Orc:4    | Bought 2 potions of might for 144 gold pieces
 17304 | Orc:4    | Bought a potion of agility for 72 gold pieces
 17462 | Orc:4    | Found Skoazona's Food Shoppe.
 17671 | Elf:1    | Entered Level 1 of the Elven Halls
 17964 | Elf:1    | Got a sapphire-encrusted ring mail
 18130 | Elf:1    | Reached skill level 16 in Shields
 18144 | Elf:1    | Reached XP level 15. HP: 55/138 MP: 7/7
 18364 | Orc:2    | Identified the +2 ring mail of an ossuary {rPois rN+ Dex-3} (You found it on level 1 of the Elven Halls)
 18859 | Elf:1    | Noticed a deep elf sorcerer
 18872 | Elf:1    | Killed a deep elf sorcerer
 18887 | Elf:1    | Identified the Tome of Conjuration and Summoning (You found it on level 1 of the Elven Halls)
 18893 | Elf:1    | Identified the Papyrus of Changing
 19414 | Elf:2    | Reached skill level 15 in Fighting
 19521 | Elf:2    | Found a runed gate.
 19523 | Elf:2    | Found a runed gate.
 19523 | Elf:2    | Found a runed gate.
 19653 | Elf:2    | Reached skill level 15 in Short Blades
 19666 | Elf:2    | Reached skill level 17 in Shields
 20234 | Elf:2    | Found a flickering gateway to a bazaar.
 20244 | Bazaar   | Entered a bazaar
 20251 | Bazaar   | Found Wagiaph's Gadget Boutique.
 20251 | Bazaar   | Found Brotomaz's Magic Scroll Shop.
 20281 | Bazaar   | Found Fuxt's Weapon Shop.
 20293 | Bazaar   | Found Moamots' Armour Shop.
 20328 | Bazaar   | Bought the +8 morningstar of the Swamp {venom, Str+4 Int+2} for 579 gold pieces
 20370 | Bazaar   | Bought a scroll of remove curse for 39 gold pieces
 20370 | Bazaar   | Bought a scroll of enchant weapon for 97 gold pieces
 20370 | Bazaar   | Bought a scroll of teleportation for 39 gold pieces
 20370 | Bazaar   | Bought a scroll of magic mapping for 45 gold pieces
 20389 | Bazaar   | Bought a wand of enslavement (15) for 153 gold pieces
 20389 | Bazaar   | Bought a phial of floods for 360 gold pieces
 20444 | Elf:3    | Entered Level 3 of the Elven Halls
 20512 | Elf:3    | Noticed a deep elf master archer
 20518 | Elf:3    | Noticed a deep elf blademaster
 20531 | Elf:3    | Noticed a Brimstone Fiend
 20532 | Elf:3    | Killed a deep elf blademaster
 20614 | Elf:3    | Killed a deep elf master archer
 20618 | Elf:3    | Reached XP level 16. HP: 75/154 MP: 7/7
 20877 | Elf:3    | Noticed a deep elf blademaster
 20886 | Elf:3    | Noticed an Ice Fiend
 20915 | Elf:3    | Killed a deep elf blademaster
 20915 | Elf:3    | Reached skill level 10 in Maces & Flails
 21252 | Lair:1   | Entered Level 1 of the Lair of Beasts
 22568 | Lair:2   | Reached skill level 18 in Shields
 23253 | Lair:3   | Found a staircase to the Shoals.
 23418 | Lair:3   | Gained mutation: You can spit poison. [potion of beneficial mutation]
 24763 | Lair:5   | Found a staircase to the Snake Pit.
 24766 | Lair:5   | Found a dark tunnel.
 26257 | Lair:7   | Found a staircase to the Slime Pits.
 26985 | Lair:8   | Entered Level 8 of the Lair of Beasts
 27092 | Lair:8   | Noticed Fannar
 27102 | Lair:8   | Killed Fannar
 27356 | Lair:8   | Reached XP level 17. HP: 155/166 MP: 7/7
 27488 | Lair:8   | Reached skill level 19 in Fighting
 28639 | Snake:1  | Entered Level 1 of the Snake Pit
 28885 | Snake:1  | Noticed Azrael
 28893 | Snake:1  | Killed Azrael
 29174 | Snake:2  | Found Piotanae's Magic Scroll Boutique.
 29206 | Snake:2  | Bought a scroll of remove curse for 51 gold pieces
 29206 | Snake:2  | Bought a scroll of identify for 34 gold pieces
 29206 | Snake:2  | Bought a scroll of fog for 34 gold pieces
 29206 | Snake:2  | Bought a scroll of remove curse for 51 gold pieces
 29206 | Snake:2  | Bought a scroll of enchant armour for 127 gold pieces
 29206 | Snake:2  | Bought a scroll of remove curse for 51 gold pieces
 29206 | Snake:2  | Bought a scroll of identify for 34 gold pieces
 29206 | Snake:2  | Bought a scroll of identify for 34 gold pieces
 29554 | Snake:2  | You fall through a shaft!
 31392 | Snake:4  | Noticed Donald
 31414 | Snake:4  | Killed Donald
 32140 | Snake:4  | Reached XP level 18. HP: 172/178 MP: 9/9
 32215 | Snake:5  | Entered Level 5 of the Snake Pit
 32268 | Snake:5  | Reached skill level 15 in Maces & Flails
 32472 | Snake:5  | Noticed tition's ghost (mighty MiFi)
 32491 | Snake:5  | Killed tition's ghost
 32769 | Snake:5  | Reached skill level 20 in Fighting
 33529 | Snake:5  | Got a serpentine rune of Zot
 34332 | Slime:1  | Entered Level 1 of the Pits of Slime
 34998 | Slime:2  | Gained mutation: Your magical capacity is low (-10% MP). [a shining eye]
 35000 | Slime:2  | Gained mutation: You are very dopey. (Int -4) [a shining eye]
 35002 | Slime:2  | Gained mutation: Your body is slowly deteriorating. [a shining eye]
 35123 | Slime:2  | Gained mutation: You have difficulty communicating with the divine. [a shining eye]
 35570 | Slime:2  | Gained mutation: Your body is deteriorating. [a shining eye]
 35572 | Slime:2  | Gained mutation: You are clumsy. (Dex -2) [a shining eye]
 36407 | Vaults:1 | Entered Level 1 of the Vaults
 36507 | Vaults:1 | Found Azimoon's Magic Scroll Shop.
 36516 | Vaults:1 | Bought a scroll of acquirement for 1040 gold pieces
 37561 | Vaults:1 | Reached XP level 19. HP: 187/187 MP: 8/8
 37583 | Vaults:1 | HP: 1/187 [white ugly thing (33)]
 37906 | Vaults:1 | Bought a scroll of blinking for 150 gold pieces
 38456 | Vaults:2 | Found a staircase to the Crypt.
 38595 | Vaults:2 | Reached skill level 21 in Fighting
 40586 | Vaults:3 | Found a portal to a secret trove of treasure.
 41262 | Vaults:4 | Reached XP level 20. HP: 180/199 MP: 8/8
 43494 | Vaults:4 | Reached skill level 22 in Fighting
 43531 | Vaults:5 | Entered Level 5 of the Vaults
 43559 | Vaults:5 | Hit by a large rock thrown by a stone giant

Action                   |  1- 3 |  4- 6 |  7- 9 | 10-12 | 13-15 | 16-18 | 19-21 || total
-------------------------+-------+-------+-------+-------+-------+-------+-------++-------
Melee: Flail             |    96 |    22 |   309 |       |       |       |       ||   427
       Morningstar       |       |   161 |     9 |       |    49 |  1628 |   817 ||  2664
       Hand axe          |       |       |    13 |       |       |       |       ||    13
       Rapier            |       |       |    26 |  1020 |  1858 |       |       ||  2904
Invok: Sacrifice Durabil |       |       |     1 |       |       |       |       ||     1
       Sacrifice Stealth |       |       |       |     1 |       |       |       ||     1
       Sacrifice Nimblen |       |       |       |     1 |       |       |       ||     1
       Sacrifice Purity  |       |       |       |     1 |       |       |       ||     1
       Sacrifice Health  |       |       |       |       |     1 |       |       ||     1
       Sacrifice Skill   |       |       |       |       |     1 |       |       ||     1
Evoke: Wand              |       |       |     2 |    24 |    12 |    10 |     8 ||    56
       Phial of floods   |       |       |       |       |       |     1 |       ||     1
  Use: Scroll            |     1 |     1 |    19 |    13 |     8 |    27 |     9 ||    78
       Potion            |       |       |       |    11 |    12 |     4 |     2 ||    29
 Stab: Invisible         |       |       |       |    10 |    20 |    17 |     4 ||    51
       Paralysed         |       |       |       |     1 |    13 |    11 |     5 ||    30
       Confused          |       |       |       |     1 |       |       |       ||     1
       Distracted        |       |       |       |       |     7 |     3 |       ||    10
  Eat: Pizza             |       |     1 |     2 |     3 |     1 |     1 |       ||     8
       Meat ration       |       |     1 |     1 |     1 |     3 |     6 |     1 ||    13
       Chunk             |       |       |     1 |     1 |       |       |       ||     2
       Beef jerky        |       |       |       |     5 |     6 |     3 |     3 ||    17
       Royal jelly       |       |       |       |     1 |     1 |     1 |     1 ||     4
       Bread ration      |       |       |       |       |     2 |     1 |     1 ||     4
       Fruit             |       |       |       |       |       |    10 |     4 ||    14
